 Dungeon Crawl Stone Soup version 0.22-a0-348-gd16d139 (webtiles) character file.

242 iamserjio the Ducker (level 6, -1/44 HPs)
             Began as an Octopode Monk on Apr 8, 2018.
             Hit by a tomahawk thrown by an orc warrior (5 damage)
             ... on level 4 of the Dungeon.
             The game lasted 00:09:44 (3361 turns).

iamserjio the Ducker (Octopode Monk)                Turns: 3361, Time: 00:09:45

Health: -1/44      AC:  1    Str: 11    XL:     6   Next: 9%
Magic:  6/6        EV: 16    Int: 12    God:
Gold:   175        SH:  0    Dex: 16    Spells: 5/5 levels left

rFire    . . .     SeeInvis .   s - +0 rapier
rCold    . . .     Gourm    .   (no shield)
rNeg     . . .     Faith    .   (helmet restricted)
rPois    .         Spirit   .   (no amulet)
rElec    .         Reflect  .   (no ring)
rCorr    .         Harm     .   (no ring)
MR       .....                  (no ring)
Stlth    ++++......             (no ring)
HPRegen  0.14/turn              (no ring)
MPRegen  0.10/turn              (no ring)
                                (no ring)
                                (no ring)

@: no status effects
A: almost no armour, stealthy swim, amphibious, 8 rings, constrict 8, camouflage
1, gelatinous body 1
a: no special abilities


You were on level 4 of the Dungeon.
You were hungry.

You visited 1 branch of the dungeon, and saw 5 of its levels.

You collected 175 gold pieces.

Inventory:

Hand Weapons
 a - a +0 short sword
 e - a +2 dagger of pain
 s - a +0 rapier (weapon)
Missiles
 o - 8 javelins of returning (quivered)
Jewellery
 f - a +2 ring of dexterity {unknown}
 g - a +2 ring of intelligence {unknown}
Wands
 t - a wand of flame (37)
Scrolls
 c - 2 scrolls of fear {unknown}
 d - 2 scrolls of remove curse {unknown}
 h - 2 scrolls of blinking {unknown}
 k - 3 scrolls of teleportation {unknown}
 l - 3 scrolls of identify {unknown}
 p - 3 scrolls of enchant weapon {unknown}
Potions
 i - 2 potions of curing {unknown}
 j - a potion of agility {unknown}
 m - a potion of lignification {unknown}
 n - a potion of berserk rage {unknown}
 q - a potion of cancellation {unknown}
 r - a potion of flight {unknown}
 u - 2 potions of invisibility {unknown}
Comestibles
 b - 10 rations


   Skills:
 * Level 4.7 Fighting
 - Level 3.0 Short Blades
 * Level 4.8 Dodging
 + Level 4.5 Stealth


You had 5 spell levels left.
You didn't know any spells.

Dungeon Overview and Level Annotations

Branches:
Dungeon (5/15)
 Temple: D:4-7

Altars:
Uskayaw
Xom

Annotations:
D:4 zkyp's ghost, amateur DgSk
D:5 Eustachio


Innate Abilities, Weirdness & Mutations

You cannot wear most types of armour.
You are very stealthy in the water. (Stealth+)
You are amphibious.
You can wear up to eight rings at the same time.
You can use your tentacles to constrict eight enemies at once.
Your skin changes colour to match your surroundings (Stealth+).
Your rubbery body absorbs attacks. (AC +1, EV +1)


Message History

The orc warrior is lightly wounded.
You constrict the orc warrior, but do no damage.
The orc priest invokes the aid of Beogh against you.
Beogh smites you!
* * * LOW HITPOINT WARNING * * *
The orc warrior barely misses you.
You release your grip on the orc warrior.
The orc priest calls upon Beogh to heal the orc warrior.
The orc warrior's wounds heal themselves!
The orc warrior barely misses you.
You climb upwards.
Level annotation: zkyp's ghost, amateur DgSk Zkyp's ghost barely misses you.
Zkyp's ghost says, "Crushing you to a pulp will hurt a lot.
After that?
Painless!
I promise!"
Zkyp's ghost hits you.
* * * LOW HITPOINT WARNING * * *
There is a stone staircase leading down here.
The orc warrior throws a tomahawk.
The tomahawk misses you.
The orc warrior throws a tomahawk.
The tomahawk hits you.
You die...

.8.8.........# #.#..######.#
......######.###.#.........######
...[..# #.....##.######<......
.....#.# ###....#.# ###.#####.
....###.## #.>....# #.........
.#.## #.# ##...### #.#.##..).
.##.###.# #.>.# #.#.##..#.
.....#.### #...######.........
##.......# #(@........#.......
#.##.##.######...#####..#..##.#.
##.##.##.........Wo..............
....#....................##.####.
......##.................##.# ##
.#.......####.#...#.###.###.#
.#....#.## #.#.........##..#
......#.# #.#.........##.######
...#..#># #.#.....###.##.......


You could see an orc warrior and zkyp's ghost.

Vanquished Creatures
  A howler monkey (D:3)
  2 orc priests
  A worker ant (D:4)
  A hound skeleton (D:4)
  4 adders
  2 oozes (D:1)
  2 worms
  2 dart slugs (D:2)
  3 leopard geckos
  6 orcs
  2 giant cockroaches
  3 goblins
  4 hobgoblins
  3 ball pythons
  9 bats
  4 frilled lizards
  A kobold (D:1)
  A quokka skeleton (D:4)
  7 rats
58 creatures vanquished.

Notes
Turn   | Place    | Note
-------+----------+-------------------------------------------
     0 | D:1      | iamserjio the Octopode Monk began the quest for the Orb.
     0 | D:1      | Reached XP level 1. HP: 16/16 MP: 1/1
    60 | D:1      | Reached XP level 2. HP: 21/21 MP: 2/2
   671 | D:2      | Reached XP level 3. HP: 20/26 MP: 3/3
  1011 | D:2      | Reached XP level 4. HP: 27/33 MP: 4/4
  1433 | D:3      | Found a shimmering altar of Xom.
  2147 | D:4      | Reached XP level 5. HP: 37/37 MP: 5/5
  2176 | D:4      | Noticed zkyp's ghost (amateur DgSk)
  2354 | D:4      | Found a hide-covered altar of Uskayaw.
  3043 | D:4      | Reached XP level 6. HP: 30/44 MP: 6/6
  3350 | D:5      | Entered Level 5 of the Dungeon
  3352 | D:5      | Noticed Eustachio
  3352 | D:5      | Noticed an orc warrior
  3361 | D:4      | Hit by a tomahawk thrown by an orc warrior

Vault maps used:
D:1:      grunt_arrival_lava_bath
D:2:      first_ration, kennysheep_generic_room_2
D:3:      xom_teletrap_fun
D:4:      eat_drink_and_be_merry_uskayaw
D:5:      minitemple, nrook_mini_vaults, uniq_eustachio

Skill      XL: |  1  2  3  4 |
---------------+-------------+-----
Stealth        | 3 4 |  4.5
Dodging        | 4 |  4.8
Fighting       | 4 |  4.7
Short Blades   | |  3.0

Action                   |  1- 3 |  4- 6 || total
-------------------------+-------+-------++-------
Melee: Short sword       |    69 |    51 ||   120
       Constrict         |    15 |    26 ||    41
       Tentacles         |     9 |    18 ||    27
       Rapier            |       |    31 ||    31
 Stab: Sleeping          |     7 |     3 ||    10
       Distracted        |       |     1 ||     1
  Eat: Chunk             |       |     7 ||     7
Armor: Skin              |    11 |     5 ||    16
Dodge: Dodged            |    48 |    61 ||   109

Table legend:
 A = Spawn XP
 B = Non-spawn XP
 C = Spawn XP percentage of total XP
 D = Spawn monster count
 E = Non-spawn monster count
 F = Spawn count percentage of total count
 G = Total turns spent on level
                    A         B        C        D         E        F      G
               +---------+---------+-------+---------+---------+-------+---------
         Total |       0 |     346 |   0.0 |       0 |      58 |   0.0 |  3361
               +---------+---------+-------+---------+---------+-------+---------
           D:1 |       0 |      29 |   0.0 |       0 |      13 |   0.0 |   644
           D:2 |       0 |      65 |   0.0 |       0 |      23 |   0.0 |   717
           D:3 |       0 |     124 |   0.0 |       0 |      10 |   0.0 |   921
           D:4 |       0 |     125 |   0.0 |       0 |      11 |   0.0 |  1070
           D:5 |       0 |       3 |   0.0 |       0 |       1 |   0.0 |     9
               +---------+---------+-------+---------+---------+-------+---------
